 Dungeon Crawl Stone Soup version bcrawl-1.36.5b (webtiles) character file.

Game seed: 10038476448105521563

232529 Corvidia the Cutter (level 8, 0/90 HPs)
             Began as a Demonspawn Fighter on Sept 5, 2022.
             Was an Initiate of Wu Jian.
             Slain by a killer bee (4 damage)
             ... on level 7 of the Dungeon.
             The game lasted 00:09:45 (5863 turns).

Corvidia the Cutter (Demonspawn Fighter)            Turns: 5863, Time: 00:09:46

Health: 0/90       AC: 16    Str: 27    XL:     8   Next: 60%
Magic:  0/9        EV:  1    Int: 11    God:    Wu Jian [......]
Gold:   533        SH: 14    Dex: 19    Spells: 7/7 levels left

rFire    + + .     GDR:     48% a - +0 rapier
rCold    + . .     SeeInvis .   c - +0 medium shield
rNeg     + + +     Gourm    .   (armour currently unavailable)
rPois    +         Faith    .   (helmet currently unavailable)
rElec    +         Spirit   +   (cloak currently unavailable)
rCorr    +         Reflect  +   (gloves currently unavailable)
MR       .....     NoTele   +   (boots currently unavailable)
Stlth    +++.......             k - +4 amulet of reflection
HPRegen  0.25/turn              C - ring of protection from fire
MPRegen  0.11/turn              u - +7 ring of strength

@: agile, lethally poisoned (0 -> -9), tree-form, resistant, corroded, lightly
drained
A: giant, agile 1, strong 1, magic shield, MP-powered wands
a: Renounce Religion


You were on level 7 of the Dungeon.
You worshipped Wu Jian.
Wu Jian was noncommittal.
You were hungry.
You were a tree.
You visited 2 branches of the dungeon, and saw 8 of its levels.

You collected 533 gold pieces.

Inventory:

Hand Weapons
 a - a +0 rapier (weapon)
Armour
 b - a +0 scale mail (melded)
 c - a +0 medium shield (worn)
 r - a +0 pair of gloves (melded)
Jewellery
 k - a +4 amulet of reflection (around neck)
 l - an uncursed amulet of faith
 s - an uncursed amulet of rage
 t - an uncursed ring of stealth
 u - a +7 ring of strength (right branch)
 B - an uncursed ring of protection from cold
 C - a ring of protection from fire (left branch)
Wands
 w - a wand of paralysis (1)
 F - a wand of acid (11)
Scrolls
 f - a scroll of amnesia {unknown}
 h - 5 scrolls of blinking
 i - a scroll of enchant weapon {unknown}
 m - a scroll of enchant armour {unknown}
 o - 2 scrolls of fog {unknown}
 p - a scroll of fear {unknown}
 q - 2 scrolls of noise {unknown}
 x - 4 scrolls of remove curse {unknown}
 y - a scroll of magic mapping {unknown}
 A - 5 scrolls of teleportation
Potions
 d - a potion of might
 g - 4 potions of haste
 n - 2 potions of lignification
 z - a potion of agility
 E - a potion of invisibility {unknown}
Comestibles
 e - 10 rations {!d}


   Skills:
 + Level 3.8 Fighting
 * Level 6.7(6.6) Short Blades
 + Level 4.8 Armour
 - Level 2.0(1.9) Dodging
 - Level 2.0(1.9) Stealth
 + Level 5.3 Shields
 + Level 2.0 Evocations


You had 7 spell levels left.
You didn't know any spells.
Your spell library contained the following spells:

 Spells                   Type           Power        Failure   Level  Hunger
 Summon Small Mammal      Summ           #...         98%         1    None
 Call Imp                 Summ           #.....       99%         2    ####...
 Call Canine Familiar     Summ           #.......     100%        3    #####..
 Summon Ice Beast         Ice/Summ       #.......     100%        4    ######.
 Summon Lightning Spire   Summ/Air       #.......     100%        5    #######


Dungeon Overview and Level Annotations

Branches:
Dungeon (7/12)             Temple (1/1) D:7
   Lair: D:7-9

Altars:
Ashenzari
Cheibriados
Dithmenos
Fedhas
Gozag
Hepliaklqana
Kikubaaqudgha
Lugonu
Makhleb
Nemelex Xobeh
Okawaru
Qazlal
Ru
Sif Muna
Trog
Vehumet
Wu Jian
Xom
Yredelemnul

Annotations:
D:5 2 transporters, CuBeRJAN3's ghost, novice GrFE


Innate Abilities, Weirdness & Mutations

((You have large cloven feet.))
When hurt, damage is shared between your health and your magic reserves.
You are agile. (Dex +2)
((You are resistant to electric shocks. (rElec)))
Your muscles are strong. (Str +2)
You expend magic power (3 MP) to strengthen your wands.


Message History

The killer bee stings you but does no damage.
It was a potion of mutation.
You feel extremely strange.
You feel your magical essence link to your wands.
You feel agile.
You feel stronger.
You feel insulated.
You feel sick. The killer bee stings you.
* * * LOW HITPOINT WARNING * * *
You are lethally poisoned!
The killer bee poisons you!
The killer bee stings you but does no damage. x4
It was a potion of resistance.
You feel protected.
* * * LOW HITPOINT WARNING * * *
You feel sick. You block the killer bee's attack.
The killer bee stings you but does no damage.
The killer bee stings you.
* * * LOW HITPOINT WARNING * * *
You block the killer bee's attack. The killer bee barely misses you.
The jelly jiggles.
The killer bee stings you.
You die...

# ##.#.####.## ..
#.##..<.# #.# .T
#.##....## #.# #.##
.###........# #.# #...
...........# #.# ....
.......... #.# ...
..#....#####.# #.T
#.#TyyJ......#
..###.#.#♣######.#
#.#)#).#y######.#
#)###.Wy.......#######
#T# ##.###.####......#
#y###†## # #.####.#
#.#.#..####. #.#
...##§.......# #.#
....y....####### #.#
###...##..# #.#


You could see a troll, a phantom, a jelly and 4 killer bees.

Vanquished Creatures
  A sky beast (D:5)
  A phantom (D:2)
  2 ogres (D:5)
  A bullfrog (D:6)
  A centaur (D:7)
  A water moccasin zombie (D:6)
  A water moccasin skeleton (D:6)
  A killer bee (D:7)
  5 wights (D:7)
  3 orc priests
  A jelly (D:4)
  2 hounds
  A bullfrog skeleton (D:5)
  A gnoll shaman (D:6)
  2 orc wizards
  2 iguanas
  3 worker ants
  A howler monkey skeleton (D:7)
  7 gnolls
  11 adders
  A shadow imp (D:7)
  2 oozes
  An adder zombie (D:7)
  3 worms
  3 dart slugs
  4 leopard geckos
  13 orcs
  2 ball pythons (D:1)
  3 giant cockroaches
  4 goblins
  7 hobgoblins
  13 jackals
  6 bats
  3 frilled lizards
  12 kobolds
  A quokka skeleton (D:5)
  5 rats
131 creatures vanquished.

Vanquished Creatures (others)
  6 plants (D:5)
6 creatures vanquished.

Grand Total: 137 creatures vanquished

Notes
Turn   | Place    | Note
-------+----------+-------------------------------------------
     0 | D:1      | Corvidia the Demonspawn Fighter began the quest for the
                  | Orb.
     0 | D:1      | Reached XP level 1. HP: 18/18 MP: 1/1
   110 | D:1      | Reached skill level 2 in Short Blades
   288 | D:1      | Gained mutation: You have large cloven feet. [demonic
                  | ancestry]
   288 | D:1      | Reached XP level 2. HP: 21/24 MP: 2/2
   687 | D:1      | Reached skill level 1 in Stealth
   709 | D:1      | Reached XP level 3. HP: 26/29 MP: 3/3
  1246 | D:2      | Noticed a phantom
  1285 | D:2      | Killed a phantom
  1286 | D:2      | Reached skill level 3 in Short Blades
  1286 | D:2      | Reached XP level 4. HP: 12/35 MP: 4/4
  1286 | D:2      | Reached XP level 5. HP: 14/41 MP: 5/5
  2025 | D:3      | Reached skill level 4 in Short Blades
  2025 | D:3      | Reached XP level 6. HP: 14/47 MP: 6/6
  2870 | D:4      | Found a radiant altar of Vehumet.
  2886 | D:5      | Entered Level 5 of the Dungeon
  3036 | D:5      | Noticed a sky beast
  3051 | D:5      | Killed a sky beast
  3052 | D:5      | Reached skill level 5 in Short Blades
  3052 | D:5      | Reached XP level 7. HP: 17/52 MP: 7/7
  3557 | D:4      | Found a shimmering blue altar of Sif Muna.
  4143 | D:5      | Found a transporter.
  4186 | D:5      | Reached skill level 1 in Dodging
  4218 | D:5      | Found a shattered altar of Ashenzari.
  4218 | D:5      | Found a glowing silver altar of Zin.
  4224 | D:5      | Found an ancient bone altar of Kikubaaqudgha.
  4229 | D:5      | Found a faded altar of an unknown god.
  4231 | D:5      | Found an iron altar of Okawaru.
  4272 | D:5      | Noticed CuBeRJAN3's ghost (novice GrFE)
  4357 | D:5      | Found a transporter.
  4361 | D:5      | Identified the cursed ring of Kumoycky {Dex+2 Stlth--}
  4910 | D:6      | Reached skill level 6 in Short Blades
  4938 | D:6      | Gained mutation: When hurt, damage is shared between your
                  | health and your magic reserves. [demonic ancestry]
  4938 | D:6      | Reached XP level 8. HP: 56/58 MP: 8/8
  4953 | D:6      | Reached skill level 5 in Shields
  5058 | D:6      | Reached skill level 1 in Evocations
  5339 | D:7      | Found a staircase to the Ecumenical Temple.
  5366 | D:7      | Found a corrupted altar of Lugonu.
  5527 | Temple   | Entered the Ecumenical Temple
  5595 | Temple   | Became a worshipper of the Wu Jian Council
  5830 | D:7      | Noticed a troll
  5862 | D:7      | Gained mutation: You expend magic power (3 MP) to
                  | strengthen your wands. [potion of mutation]
  5862 | D:7      | Gained mutation: You are agile. (Dex +2) [potion of
                  | mutation]
  5862 | D:7      | Gained mutation: Your muscles are strong. (Str +2) [potion
                  | of mutation]
  5862 | D:7      | Gained mutation: You are resistant to electric shocks.
                  | (rElec) [potion of mutation]
  5863 | D:7      | HP: 4/90 [killer bee (3)]
  5863 | D:7      | Slain by a killer bee

Skill      XL: |  1  2  3  4  5  6  7  8 |
---------------+-------------------------+-----
Short Blades   | 2 3 4 5 6 |  6.7
Stealth        | 1 2 |  2.0
Shields        | 3 4 5 |  5.3
Armour         | 3 4 |  4.8
Dodging        | 1 2 |  2.0
Evocations     | 2 |  2.0
Fighting       | |  3.8

Action                   |  1- 3 |  4- 6 |  7- 9 || total
-------------------------+-------+-------+-------++-------
Melee: Rapier            |   146 |   217 |   254 ||   617
       Kick              |    23 |    47 |    65 ||   135
Invok: Lunge             |       |       |     1 ||     1
       Whirlwind         |       |       |     1 ||     1
  Use: Potion            |       |     2 |     4 ||     6
       Scroll            |       |     5 |     1 ||     6
 Stab: Sleeping          |       |     4 |       ||     4
  Eat: Chunk             |     5 |    12 |    12 ||    29
       Ration            |       |       |     1 ||     1
Armor: Scale mail        |    52 |   131 |    67 ||   250
       Skin              |       |       |    10 ||    10
Dodge: Dodged            |    19 |    41 |    42 ||   102
Block: Medium shield     |    73 |   163 |   185 ||   421
       Reflection        |     5 |     5 |     2 ||    12
